 Dungeon Crawl Stone Soup version 0.30-a0-365-ge7f957f1db (webtiles) character file.

Game seed: 15380354225327335744

375474 retardedninja the Impregnable (level 21, -8/318 HPs)
             Began as a Minotaur Fighter on Nov 17, 2022.
             Was an Initiate of Gozag.
             Mangled by an emperor scorpion (15 damage)
             ... summoned by a royal mummy
             ... on level 2 of the Tomb of the Ancients.
             The game lasted 02:01:47 (77305 turns).

retardedninja the Impregnable (Minotaur Fighter)   Turns: 77305, Time: 02:01:48

Health: -8/318     AC: 34    Str: 45    XL:     21   Next: 78%
Magic:  0/20       EV:  2    Int:  5    God:    Gozag
Gold:   5885       SH:  8    Dex: 12    Spells: 20/20 levels left

rFire   + . .      SeeInvis .    z - +5 battleaxe (flame)
rCold   + . .      Faith    .    (shield currently unavailable)
rNeg    . . .      Spirit   +    (body armour currently unavailable)
rPois   +          Reflect  .    (helmet currently unavailable)
rElec   +          Harm     .    (cloak currently unavailable)
rCorr   +          Rampage  .    (gloves currently unavailable)
Will    ++...      NoTele   +    (boots currently unavailable)
Stlth   +++.......               K - brooch of Shielding {Spirit SH+8}
HPRegen 0.73/turn                y - ring "Iblamnoz" {*Corrode AC+4 Str+9 Slay+6 Stlth+}
MPRegen 0.17/turn                E - ring "Yqyrchue" {Str+6 Stlth+}

@: mighty, tree-form, resistant, gold aura, on berserk cooldown, slowed, very
slow
A: stationary, stasis, torment immunity, boosted hp, (horns 2), (retaliatory
headbutt), strong-willed 1, MP-powered wands
}: 2/15 runes: decaying, serpentine
a: End Transformation, Renounce Religion, Potion Petition, Call Merchant, Bribe
Branch


You were on level 2 of the Tomb of the Ancients.
You worshipped Gozag.
Gozag was greatly pleased with you.
You were a tree.
You visited 10 branches of the dungeon, and saw 41 of its levels.
You visited the Abyss 1 time.
You also visited: Sewer.

You collected 18444 gold pieces.
You spent 2701 gold pieces at shops.
You paid 9858 gold pieces to Gozag.

Inventory:

Hand Weapons
 z - a +5 battleaxe of flaming (weapon)
 I - the +6 great sword of Nice Indomitability {drain, Int+5}
   (You found it on level 1 of the Snake Pit)

   A truly terrible weapon, it drains the life of any living foe it strikes.
   Int:       It affects your intelligence (+5).
Missiles
 e - 4 silver javelins (quivered)
Armour
 a - a +2 hat of stealth (melded)
 k - a +2 pair of gloves (melded)
 w - a +2 pair of boots (melded)
 D - a +2 cloak (melded)
 J - the +8 plate armour of Makhleb, Rescuing (melded) {rF+ rN++ Dex+3}
   (You found it on level 5 of the Lair of Beasts)

   Dex:       It affects your dexterity (+3).
   rF:        It protects you from fire.
   rN:        It greatly protects you from negative energy.
Jewellery
 y - the ring "Iblamnoz" (left branch) {*Corrode AC+4 Str+9 Slay+6 Stlth+}
   (You bought it in a shop on level 5 of the Lair of Beasts)

   [ring of protection]

   AC:        It affects your AC (+4).
   Str:       It affects your strength (+9).
   Slay:      It affects your accuracy & damage with ranged weapons and melee
   (+6).
   *Corrode:  It may corrode you when you take damage.
   Stlth:     It makes you more stealthy.
 A - a +4 ring of slaying
 E - the ring "Yqyrchue" (right branch) {Str+6 Stlth+}
   (You bought it in a shop on level 2 of the Orcish Mines)

   [ring of strength]

   Str:       It affects your strength (+6).
   Stlth:     It makes you more stealthy.
 K - the brooch of Shielding (around neck) {Spirit SH+8}
   (You found it on level 5 of the Lair of Beasts)

   [amulet of guardian spirit]

   It causes incoming damage to be divided between your reserves of health and
   magic.
   SH:        It affects your SH (+8).
 P - a ring of poison resistance
Wands
 h - a wand of flame (35)
 s - a wand of acid (20)
 t - a wand of digging (8)
 v - a wand of polymorph (16)
 C - a wand of mindburst (24)
 G - a wand of iceblast (29)
 Q - a wand of charming (28)
Scrolls
 m - 2 scrolls of fear
 o - 3 scrolls of amnesia
 q - 6 scrolls of teleportation
 x - 4 scrolls of butterflies
 B - 9 scrolls of poison
 F - 5 scrolls of magic mapping
Potions
 b - 2 potions of magic
 d - 3 potions of cancellation
 g - 6 potions of flight
 i - 19 potions of curing
 n - 4 potions of resistance
 p - 2 potions of brilliance
 r - 3 potions of lignification
 u - a potion of invisibility
 L - 3 potions of mutation
 S - 2 potions of ambrosia
Miscellaneous
 j - a tin of tremorstones (2/2)
 H - a phial of floods (inert)
 M - a box of beasts
 O - a condenser vane
 R - a phantom mirror


   Skills:
 + Level 23.4 Fighting
 + Level 23.3 Axes
 + Level 6.6 Throwing
 + Level 23.4 Armour
 + Level 23.4 Shields
 + Level 6.1 Evocations


You had 20 spell levels left.
You didn't know any spells.
Your spell library contained the following spells:

 Spells                   Type           Power      Damage    Failure   Level
 Apportation              Tloc           0%         N/A       47%         1
 Freeze                   Ice            0%         1d3       47%         1
 Shock                    Conj/Air       0%         1d3       47%         1
 Blink                    Tloc           0%         N/A       63%         2
 Call Imp                 Summ           0%         N/A       63%         2
 Cigotuvi's Dreadful Rot  Necr/Pois/Air  0%         N/A       63%         2
 Momentum Strike          Conj/Tloc      0%         3d8       63%         2
 Poisonous Vapours        Pois/Air       0%         N/A       63%         2
 Sublimation of Blood     Necr           0%         N/A       63%         2
 Call Canine Familiar     Summ           0%         N/A       85%         3
 Dazzling Flash           Conj/Hex       0%         N/A       85%         3
 Frozen Ramparts          Ice            0%         1d1       85%         3
 Gell's Gravitas          Tloc           0%         N/A       85%         3
 Hailstorm                Conj/Ice       0%         3d3       85%         3
 Ignite Poison            Fire/Tmut/Pois 0%         N/A       85%         3
 Inner Flame              Hex/Fire       0%         N/A       85%         3
 Lesser Beckoning         Tloc           0%         N/A       85%         3
 Mephitic Cloud           Conj/Pois/Air  0%         N/A       85%         3
 Ozocubu's Armour         Ice            0%         N/A       85%         3
 Portal Projectile        Hex/Tloc       0%         N/A       85%         3
 Summon Guardian Golem    Hex/Summ       0%         N/A       85%         3
 Swiftness                Air            0%         N/A       85%         3
 Teleport Other           Tloc           0%         N/A       85%         3
 Airstrike                Air            0%         2d(0-16)  99%         4
 Anguish                  Hex/Necr       0%         N/A       99%         4
 Animate Armour           Summ/Erth      0%         N/A       99%         4
 Cause Fear               Hex            0%         N/A       99%         4
 Ice Form                 Ice/Tmut       0%         N/A       99%         4
 Iskenderun's Mystic Bla  Conj/Tloc      0%         2d3       99%         4
 Leda's Liquefaction      Hex/Erth       0%         N/A       99%         4
 Manifold Assault         Tloc           0%         N/A       99%         4
 Olgreb's Toxic Radiance  Pois           0%         N/A       99%         4
 Passage of Golubria      Tloc           0%         N/A       99%         4
 Petrify                  Tmut/Erth      0%         N/A       99%         4
 Sticky Flame             Conj/Fire      0%         2d3       99%         4
 Agony                    Necr           0%         N/A       100%        5
 Alistair's Intoxication  Tmut/Pois      0%         N/A       100%        5
 Blade Hands              Tmut           0%         N/A       100%        5
 Borgnjor's Vile Clutch   Necr/Erth      0%         N/A       100%        5
 Fireball                 Conj/Fire      0%         3d3       100%        5
 Irradiate                Conj/Tmut      0%         3d11      100%        5
 Metabolic Englaciation   Hex/Ice        0%         N/A       100%        5
 Silence                  Hex/Air        0%         N/A       100%        5
 Summon Forest            Summ/Tloc      0%         N/A       100%        5
 Summon Mana Viper        Hex/Summ       0%         N/A       100%        5
 Death Channel            Necr           0%         N/A       100%        6
 Eringya's Noxious Bog    Tmut/Pois      0%         N/A       100%        6
 Starburst                Conj/Fire      0%         6d3       100%        6
 Summon Cactus Giant      Summ           0%         N/A       100%        6
 Dragon Form              Tmut           0%         N/A       100%        7
 Enfeeble                 Hex            0%         N/A       100%        7
 Haunt                    Necr/Summ      0%         N/A       100%        7
 Monstrous Menagerie      Summ           0%         N/A       100%        7
 Orb of Destruction       Conj           0%         9d5       100%        7
 Ozocubu's Refrigeration  Ice            0%         4d7       100%        7
 Spellforged Servitor     Conj/Summ      0%         N/A       100%        7
 Storm Form               Tmut/Air       0%         N/A       100%        7
 Summon Hydra             Summ           0%         N/A       100%        7
 Discord                  Hex            0%         N/A       100%        8
 Ignition                 Fire           0%         3d3       100%        8
 Infestation              Necr           0%         N/A       100%        8
 Lehudib's Crystal Spear  Conj/Erth      0%         10d2      100%        8
 Chain Lightning          Conj/Air       0%         N/A       100%        9
 Death's Door             Necr           0%         N/A       100%        9
 Fire Storm               Conj/Fire      0%         5d1       100%        9
 Shatter                  Erth           0%         3d5*      100%        9
 Animate Dead             Necr           Unusable   N/A       N/A         4
 Simulacrum               Ice/Necr       Unusable   N/A       N/A         6

Dungeon Overview and Level Annotations

Branches:
Dungeon (15/15)            Temple (1/1) D:6            Lair (5/5) D:8
  Swamp (4/4) Lair:2        Snake (4/4) Lair:2        Slime (0/5) Lair:4
    Orc (2/2) D:10            Elf (2/3) Orc:2        Vaults (3/5) D:13
  Crypt (3/3) Vaults:3       Tomb (2/3) Crypt:3      Depths (0/4) D:15
  Sewer (visited)

Altars:
Ashenzari
Cheibriados
Dithmenos
Elyvilon
Fedhas
Gozag
Hepliaklqana
Kikubaaqudgha
Makhleb
Nemelex Xobeh
Okawaru
Qazlal
Ru
Sif Muna
Trog
Uskayaw
Vehumet
Wu Jian
Xom
Yredelemnul
Zin
The Shining One
Jiyva

Shops:
D:1 :!   D:10 *   Orc:2 [(=*(=   Elf:2 (   Lair:5 *=[   Snake:3 [:*

Annotations:
D:5 2 transporters, ponyjar's ghost, weakling OpDe
D:7 2 transporters
D:8 1 runed translucent door, osoart's ghost, novice DrIE
D:15 2 runed translucent doors, osoart's ghost, journeyman MiFi
Swamp:3 Roxanne
Elf:2 3 runed translucent doors
Crypt:3 Josephina


Innate Abilities, Weirdness & Mutations

You are a tree.
Your roots penetrate the ground, keeping you stationary.
You cannot be teleported.
You are immune to unholy pain and torment.
Your maximum health is greatly increased.
Your equipment is partially melded.
((You have a pair of horns on your head.))
((You reflexively headbutt those who attack you in melee.))
You are strong-willed. (Will+)
You expend magic power (3 MP) to strengthen your wands.


Message History

You are no longer berserk.
You are exhausted.
You feel as though you will be slow longer.
The death scarab is no longer distracted by gold. x2
The mummy priest is no longer distracted by gold.
The royal mummy mumbles some strange words.
The royal mummy barely misses you.
The death scarab bites you but does no damage.
Aim the phial where?
Press: ? - help, Shift-Dir - straight line, f - death scarab
Aim: a death scarab (summoned)
The torrent of water hits the death scarab!
The death scarab is moderately damaged.
The death scarab is knocked back by the torrent of water.
The wave splashes down.
The red devil is engulfed in water.
The sixfirhy is engulfed in water.
You hear a screech!
The death scarab is no longer distracted by gold.
The sixfirhy is no longer distracted by gold.
The stone giant zombie is no longer distracted by gold.
You block the death scarab's attack.
The death scarab bites you but does no damage. x2
The death scarab bites you!!
* * * LOW HITPOINT WARNING * * *
The death scarab drains your vigour!
You feel as though you will be slow longer.
The death scarab draws strength from your injuries!
The death scarab bites you but does no damage.
The emperor scorpion stings you but does no damage.
The emperor scorpion claws you but does no damage.
The emperor scorpion claws you.
* * * LOW HITPOINT WARNING * * *
The death scarab barely misses you. The royal mummy hits you!!
* * * LOW HITPOINT WARNING * * *
The royal mummy gestures at you while chanting.
Something smites you!
* * * LOW HITPOINT WARNING * * *
The emperor scorpion stings you!
You die...
Your body crumbles into a pile of gold.

#....#......$.M..#
#....##...$$$...##
#...#.#M........#
#.!.#.M#ZB.....#..#
#...#..#.B3....# .#
#..#..4s#~B...#. .
#..#..BM3#BZ.#...
#..#$sMBM~###!..M.
#..#B$♣MBZ~...
#...BB.$......
+..<...B......
#.............
#............^
#.............
#.............
#########+####


You could see 2 royal mummies, 2 emperor scorpions, a mummy priest, a sixfirhy
(summoned, waterlogged), a ynoxinul (summoned), 11 death scarabs, a red devil
(summoned, waterlogged), 3 mummies, a naga warrior simulacrum, a seven-headed
hydra zombie and a stone giant zombie.

Vanquished Creatures
  Khufu (Tomb:1)
  3 royal mummies
  Bai Suzhen (Swamp:2)
  Vashnia (Snake:4)
  Margery (Crypt:1)
  Rupert (Orc:1)
  2 liches
  Asterion (Snake:1)
  A deep elf blademaster (Elf:2)
  3 ancient champions
  6 sphinxes
  Gastronok (Lair:3)
  A thorn hunter (Swamp:3)
  Frances (Elf:1)
  9 nagarajas
  A fire giant (Vaults:1)
  6 vault wardens
  2 curse skulls
  Aizul (Swamp:3)
  The ghost of iguanaiguana the Thaumaturge, a journeyman MeFE of Vehumet (Lair:5)
  2 caustic shrike zombies (Crypt:3)
  9 ghouls
  10 ironbound preservers
  3 ironbound thunderhulks
  A vampire knight (Crypt:2)
  4 very ugly things
  2 bennus (Tomb:1)
  11 dire elephants
  A deep elf demonologist (Elf:1)
  A rockslime zombie (Crypt:1)
  4 eleionomae
  A white draconian (Vaults:1)
  2 bunyips
  The ghost of baller8008 the Cleaver, a journeyman AtFi of Jiyva (D:12)
  An ettin (Orc:1)
  8 eidola
  2 shambling mangroves
  2 quicksilver dragon zombies (Crypt:3)
  9 mummy priests
  3 jiangshi
  4 entropy weavers (Vaults:2)
  2 yaktaur captains (Vaults:1)
  2 deep elf death magi (Crypt:2)
  2 great orbs of eyes
  20 hydras
  14 anacondas
  7 vault guards
  2 catoblepae
  A ghost crab (Swamp:3)
  Fannar (Orc:1)
  A caustic shrike simulacrum (Crypt:1)
  8 centaur warriors
  2 spriggan skeletons (Crypt:1)
  3 salamander tyrants (Snake:4)
  An ogre mage (Orc:2)
  2 ironbound frosthearts (Vaults:1)
  A merfolk avatar (Lair:5)
  23 dancing weapons
  2 death knights (Crypt:1)
  An anaconda (shapeshifter) (Vaults:2)
  5 two-headed ogres
  23 death scarabs
  2 boulder beetles
  12 death yaks
  13 naga warriors
  14 alligators
  8 orc high priests
  5 shock serpents
  2 vampire magi
  12 naga sharpshooters
  Sonja (D:8)
  19 deep elf knights
  5 spriggans
  An emperor scorpion zombie (Crypt:1)
  3 hell knights (Crypt:1)
  A storm dragon zombie (Crypt:1)
  A fire crab (Lair:5)
  3 sea snakes
  An iron giant zombie (Crypt:3)
  2 shadow wraiths (Crypt:1)
  A salamander mystic (Snake:3)
  12 goliath frogs
  4 flayed ghosts
  10 swamp dragons
  6 skeletal warriors
  5 spriggan druids
  12 lindwurms
  3 spriggan simulacra (Crypt:1)
  2 glowing orange brains
  22 deep trolls
  8 bog bodies
  11 deep elf archers
  4 wizards
  6 harpies
  10 ironbound convokers
  3 orc knights
  11 naga ritualists
  A golden dragon skeleton (Crypt:2)
  11 phantasmal warriors
  A tengu skeleton (D:15)
  24 deep elf pyromancers
  17 deep elf zephyrmancers
  A goliath frog zombie (Crypt:1)
  An iron dragon zombie (Crypt:3)
  5 necromancers
  11 ugly things
  5 salamanders
  An orc sorcerer (Orc:2)
  A stone giant zombie (Crypt:1)
  2 oklob plants (Lair:2)
  6 spectral spriggans (Swamp:1)
  15 mana vipers
  3 will-o-the-wisps
  5 manticores
  2 worldbinders (Abyss:4)
  7 cyclopes
  A moth of wrath (shapeshifter) (D:13)
  18 elephants
  35 black mambas
  A naga zombie (Tomb:1)
  A toenail golem (Abyss:4)
  An iron dragon skeleton (D:15)
  5 guardian serpents (Snake:4)
  14 naga magi
  An eye of devastation (shapeshifter) (D:13)
  A storm dragon simulacrum (Crypt:1)
  4 centaur zombies (Crypt:3)
  3 titan simulacra (Crypt:1)
  8 vault sentinels
  12 cane toads
  An eye of devastation (Abyss:4)
  3 gargoyles
  Psyche (D:8)
  A death yak zombie (Crypt:1)
  2 dire elephant skeletons
  12 komodo dragons
  2 efreet
  3 unseen horrors
  21 yaktaurs
  An anaconda simulacrum (Crypt:1)
  5 rime drakes
  A catoblepas skeleton (Crypt:2)
  An iron troll zombie (Crypt:2)
  2 kobold demonologists
  9 guardian mummies
  An unseen horror skeleton (D:9)
  An alligator snapping turtle skeleton (Crypt:1)
  28 freezing wraiths
  4 trolls
  A harpy zombie (Crypt:3)
  A bloated husk (Swamp:1)
  A hydra zombie (Crypt:3)
  An ancient zyme (Abyss:4)
  A meliai (shapeshifter) (Vaults:1)
  3 meliai (D:14)
  12 tyrant leeches
  7 polar bears
  7 hornets
  A tarantella (shapeshifter) (D:13)
  21 blink frogs
  10 slime creatures
  2 snapping turtles (Lair:5)
  A tengu simulacrum (Crypt:1)
  4 spriggan zombies
  An ice dragon zombie (Crypt:3)
  3 black mamba zombies
  4 water elementals
  A centaur simulacrum (Crypt:1)
  An ushabti (Crypt:3)
  7 flying skulls
  A jumping spider (Vaults:2)
  An ettin skeleton (D:15)
  A spriggan (shapeshifter) (D:15)
  13 wraiths
  4 shadows
  2 air elementals
  3 wyverns
  An unseen horror simulacrum (D:9)
  2 vampires
  3 dire elephant simulacra (Crypt:1)
  2 naga simulacra (Crypt:1)
  3 fire bats (Abyss:4)
  An alligator snapping turtle simulacrum (Crypt:1)
  65 yaks
  6 basilisks
  2 redbacks (Vaults:2)
  7 vampire mosquitoes
  2 neqoxecs (Abyss:4)
  3 steam dragons
  2 acid dragons
  3 harpy simulacra (Crypt:1)
  8 wargs
  17 swamp worms
  A two-headed ogre zombie (Crypt:3)
  Duvessa (D:7)
  33 nagas
  11 water moccasins
  4 swamp drakes
  A water nymph zombie (Crypt:2)
  Pargi (Sewer)
  A naga skeleton (Crypt:1)
  An ice beast (D:5)
  19 orc warriors
  A sky beast (D:8)
  7 black bears
  An ettin simulacrum (Crypt:1)
  15 ogres
  A black mamba simulacrum (Crypt:1)
  2 centaurs
  23 wolves
  A small abomination (Abyss:4)
  A kobold brigand (D:7)
  A salamander zombie (Crypt:1)
  8 bullfrogs
  9 earth elementals
  3 gnoll sergeants
  2 deep troll simulacra (Crypt:1)
  4 necrophages
  3 scorpions (D:5)
  10 wights
  3 wyvern skeletons (Crypt:3)
  A cyclops skeleton (Crypt:2)
  3 killer bees (D:8)
  A warg zombie (Crypt:1)
  Dowan (D:7)
  A swamp dragon simulacrum (Crypt:1)
  2 electric eels (Lair:2)
  4 howler monkeys
  A jelly (D:4)
  A centaur skeleton (D:9)
  6 hounds
  43 orc priests
  Crazy Yiuf (D:4)
  2 gnoll boudas
  5 iguanas
  14 orc wizards
  An ogre skeleton (Crypt:1)
  A hound skeleton (Crypt:1)
  18 mummies
  12 adders
  22 gnolls
  A howler monkey skeleton (D:9)
  A river rat (D:3)
  A swamp drake zombie (Crypt:2)
  14 white imps
  2 ufetubi
  3 worms
  4 dart slugs
  67 orcs
  9 ball pythons
  6 endoplasms
  4 giant cockroaches
  9 goblins
  6 hobgoblins
  3 jackals (D:2)
  8 kobolds
  3 quokkas
  A ball python zombie (Crypt:2)
  7 bats
  5 frilled lizards
  A jackal skeleton (Crypt:2)
  8 rats
  5 butterflies (Vaults:2)
1524 creatures vanquished.

Vanquished Creatures (collateral kills)
  A vault warden (Vaults:2)
  An ironbound preserver (Vaults:3)
  A very ugly thing (Vaults:3)
  An ironbound thunderhulk (Vaults:2)
  An eleionoma (Swamp:2)
  A bunyip (Swamp:2)
  An ogre mage (Vaults:2)
  2 hydras (Swamp:2)
  A centaur warrior (Vaults:2)
  A deep troll (Vaults:3)
  A spriggan druid (Swamp:2)
  A wizard (Vaults:3)
  A lindwurm (Vaults:1)
  An ugly thing (Vaults:3)
  3 ironbound convokers (Vaults:3)
  A vault sentinel (Vaults:3)
  4 yaktaurs
  11 butterflies (Vaults:2)
34 creatures vanquished.

Vanquished Creatures (others)
  4 ironbound preservers
  An ironbound thunderhulk (Vaults:2)
  A dire elephant (Vaults:2)
  A yaktaur captain (Vaults:2)
  An ironbound frostheart (Vaults:2)
  3 deep elf knights (Elf:2)
  7 deep trolls
  2 ironbound convokers (Vaults:2)
  An ugly thing (Vaults:3)
  2 vault sentinels (Vaults:2)
  A spectral spriggan (Swamp:1)
  11 yaktaurs
  3 bloated husks
  A tyrant leech (Swamp:3)
  A flying skull (Abyss:4)
  A redback (Vaults:2)
  A water moccasin (Lair:5)
  A howler monkey skeleton (D:9)
  A demonic plant (Abyss:4)
  26 foxfires
  21 fungi
  29 plants
  4 toadstools (D:9)
  6 withered plants
130 creatures vanquished.

Grand Total: 1688 creatures vanquished

Notes
Turn   | Place    | Note
-------+----------+-------------------------------------------
     0 | D:1      | retardedninja the Minotaur Fighter began the quest for the
                  | Orb.
     0 | D:1      | Reached XP level 1. HP: 19/19 MP: 0/0
    67 | D:1      | Reached XP level 2. HP: 13/27 MP: 1/1
   344 | D:1      | Found Keber's Distillery.
   763 | D:1      | Reached XP level 3. HP: 30/33 MP: 2/2
   953 | D:1      | Found Dileh's Book Boutique.
  1367 | D:2      | Reached XP level 4. HP: 40/40 MP: 3/3
  1406 | D:2      | Identified the +2 robe of Absolutism {rF++}
  2010 | D:3      | Reached XP level 5. HP: 39/47 MP: 4/4
  2099 | D:3      | Found a glowing drain.
  2108 | Sewer    | Entered a sewer
  2180 | Sewer    | Noticed Pargi
  2189 | Sewer    | Killed Pargi
  2190 | Sewer    | Reached skill level 5 in Fighting
  2190 | Sewer    | Reached skill level 5 in Armour
  2190 | Sewer    | Reached skill level 5 in Shields
  2190 | Sewer    | Reached XP level 6. HP: 47/56 MP: 5/5
  2288 | D:3      | Found the +5 robe of Misfortune {Harm *Corrode *Slow EV+5}
  3113 | D:4      | Found a runed translucent door.
  3114 | D:4      | Noticed Crazy Yiuf
  3119 | D:4      | Killed Crazy Yiuf
  3614 | D:5      | Entered Level 5 of the Dungeon
  3622 | D:5      | Reached skill level 5 in Axes
  3622 | D:5      | Reached XP level 7. HP: 62/62 MP: 6/6
  3699 | D:5      | Found a transporter.
  3726 | D:5      | Noticed ponyjar's ghost (weakling OpDe)
  3825 | D:5      | Found a transporter.
  4233 | D:5      | Reached XP level 8. HP: 65/71 MP: 7/7
  4567 | D:5      | Found a snail-covered altar of Cheibriados.
  4806 | D:6      | Found a staircase to the Ecumenical Temple.
  4823 | Temple   | Entered the Ecumenical Temple
  6402 | Temple   | Became a worshipper of Gozag Ym Sagoz the Greedy
  7686 | D:6      | Found a sacrificial altar of Ru.
  7874 | D:7      | Reached XP level 9. HP: 81/81 MP: 8/8
  8060 | D:7      | Noticed Duvessa
  8069 | D:7      | Killed Duvessa
  8077 | D:7      | Noticed Dowan
  8082 | D:7      | Killed Dowan
  8652 | D:7      | Found a transporter.
  8652 | D:7      | Noticed a cyclops
  8654 | D:7      | Noticed a purple ugly thing
  8655 | D:7      | Found a transporter.
  8655 | D:7      | Noticed a troll
  8656 | D:7      | Noticed a manticore
  8688 | D:7      | Found a bloodstained altar of Trog.
  8689 | D:7      | Found a radiant altar of Vehumet.
  8939 | D:8      | Found a runed translucent door.
  8940 | D:8      | Noticed osoart's ghost (novice DrIE)
  8941 | D:8      | Found a staircase to the Lair.
  8977 | D:8      | Noticed a cyclops
  8987 | D:8      | Killed a cyclops
  9064 | D:8      | Noticed Psyche
  9070 | D:8      | Killed Psyche
  9071 | D:8      | Reached XP level 10. HP: 86/91 MP: 9/9
  9423 | D:8      | Reached skill level 10 in Armour
  9427 | D:8      | Reached skill level 10 in Fighting
  9427 | D:8      | Reached skill level 10 in Shields
  9673 | Lair:1   | Entered Level 1 of the Lair of Beasts
  9675 | Lair:1   | Noticed Sonja
  9686 | Lair:1   | Reached skill level 10 in Axes
  9973 | Lair:1   | Reached XP level 11. HP: 101/101 MP: 10/10
  9976 | Lair:1   | Noticed a death yak
  9976 | Lair:1   | Noticed a death yak
  9993 | D:8      | Killed a death yak
 10254 | D:8      | Killed a death yak
 10262 | D:8      | Killed Sonja
 10560 | Lair:1   | Noticed a death yak
 10583 | D:8      | Killed a death yak
 11095 | Lair:1   | Noticed a catoblepas
 11520 | D:9      | Noticed a two-headed ogre
 11539 | D:8      | Killed a two-headed ogre
 12861 | D:10     | Entered Level 10 of the Dungeon
 13135 | D:10     | Reached XP level 12. HP: 88/112 MP: 11/11
 13376 | D:10     | Found a staircase to the Orcish Mines.
 13611 | D:10     | Found Juzerho's Serpentskin Sales.
 14067 | D:11     | Noticed a two-headed ogre
 14086 | D:11     | Killed a two-headed ogre
 15164 | D:12     | Found a runed translucent door.
 15190 | D:12     | Noticed a two-headed ogre
 15197 | D:12     | Killed a two-headed ogre
 15501 | D:12     | Noticed baller8008's ghost (journeyman AtFi)
 16744 | D:13     | Noticed a boulder beetle
 16757 | D:13     | Killed a boulder beetle
 16843 | D:13     | Noticed a five-headed hydra
 16847 | D:13     | Killed a seven-headed hydra
 16855 | D:13     | Noticed a vault guard
 16858 | D:13     | Noticed a vault guard
 16900 | D:12     | Killed a vault guard
 17041 | D:13     | Killed a vault guard
 17044 | D:13     | Reached XP level 13. HP: 113/123 MP: 12/12
 17552 | D:13     | Found a gate to the Vaults.
 17733 | D:13     | HP: 6/124 [something (11)]
 20660 | D:14     | Found a broken altar of Ashenzari.
 20800 | D:15     | Entered Level 15 of the Dungeon
 21293 | Lair:1   | Reached skill level 15 in Armour
 21293 | Lair:1   | Reached skill level 15 in Shields
 21798 | Lair:1   | Reached skill level 15 in Fighting
 21973 | Lair:2   | Reached XP level 14. HP: 112/135 MP: 13/13
 22888 | Lair:2   | Found a staircase to the Swamp.
 22898 | Lair:2   | Reached skill level 15 in Axes
 23552 | Lair:2   | Found a staircase to the Snake Pit.
 23603 | Lair:2   | Identified the +4 scale mail "Ogeheam" {Int+7}
 24216 | Lair:3   | Noticed Gastronok
 24229 | Lair:3   | Killed Gastronok
 26620 | Lair:4   | Found a staircase to the Slime Pits.
 26620 | Lair:4   | Found a viscous altar of Jiyva.
 26882 | Lair:5   | Entered Level 5 of the Lair of Beasts
 26971 | Lair:5   | Reached XP level 15. HP: 145/145 MP: 14/14
 26973 | Lair:5   | Found the brooch of Shielding {Spirit SH+8}
 26973 | Lair:5   | Found the +7 captain's cutlass {speed, disarm}
 26986 | Lair:5   | Identified the +8 plate armour of Makhleb, Rescuing {rF+
                  | rN++ Dex+3}
 27359 | Lair:5   | Found a runed translucent gate.
 27359 | Lair:5   | Found a runed translucent gate.
 27359 | Lair:5   | Found a runed translucent gate.
 27361 | Lair:5   | Noticed iguanaiguana's ghost (journeyman MeFE)
 27399 | Lair:5   | HP: 6/145 [iguanaiguana's ghost (64)]
 27400 | Lair:5   | Killed iguanaiguana's ghost
 28985 | Lair:5   | Bought the ring "Iblamnoz" {*Corrode AC+4 Str+9 Slay+6
                  | Stlth+} for 1517 gold pieces
 29194 | Orc:1    | Entered Level 1 of the Orcish Mines
 29596 | Orc:1    | Noticed Fannar
 29605 | Orc:1    | Killed Fannar
 30304 | Orc:2    | Entered Level 2 of the Orcish Mines
 30304 | Orc:2    | Found Uptaiwn's Jewellery Shop.
 30312 | Orc:2    | Noticed Rupert
 30612 | Orc:1    | Paralysed by Rupert for 5 turns
 30626 | Orc:1    | Killed Rupert
 30726 | Orc:2    | Found a staircase to the Elven Halls.
 30787 | Orc:2    | Bought the ring "Yqyrchue" {Str+6 Stlth+} for 595 gold
                  | pieces
 31344 | Orc:2    | Found Ukoiss's Jewellery Shop.
 31440 | Orc:2    | Found Methixis's Antique Weapon Shoppe.
 31440 | Orc:2    | Found Omad's Antique Armour Shop.
 31553 | Orc:2    | Bought a pair of faintly humming boots for 285 gold pieces
 31553 | Orc:2    | Identified the +1 pair of boots of Filth {rF+ Str-5 Slay+2}
                  | (You bought it in a shop on level 2 of the Orcish Mines)
 31644 | Orc:2    | Found Jiob's Antique Weapon Shoppe.
 31644 | Orc:2    | Found Edodghug's General Store.
 31741 | Orc:2    | Paralysed by an ogre mage for 3 turns
 31951 | D:12     | Killed baller8008's ghost
 32107 | D:15     | Found a staircase to the Depths.
 32270 | D:15     | Noticed a lich
 32270 | D:15     | Noticed osoart's ghost (journeyman MiFi)
 32272 | D:15     | Noticed a tengu reaver
 32501 | D:15     | Found a runed translucent door.
 32513 | D:15     | Found a runed translucent door.
 33045 | Swamp:1  | Entered Level 1 of the Swamp
 33789 | Swamp:1  | Reached XP level 16. HP: 108/156 MP: 10/15
 37242 | Swamp:3  | Noticed Bai Suzhen
 37407 | Swamp:2  | Killed Bai Suzhen
 38269 | Swamp:3  | Noticed Aizul
 38278 | Swamp:3  | Killed Aizul
 39281 | Swamp:3  | Identified Roxanne's Textbook on the Ground
 39281 | Swamp:3  | Noticed Roxanne
 39309 | Swamp:3  | Found a radiant altar of Vehumet.
 39452 | Swamp:4  | Entered Level 4 of the Swamp
 41794 | Swamp:4  | Paralysed by a hornet for 1 turns
 41834 | Swamp:4  | Noticed a thorn hunter
 41843 | Swamp:3  | Killed a thorn hunter
 42333 | Swamp:4  | Reached XP level 17. HP: 140/166 MP: 12/16
 44672 | Swamp:4  | Got a decaying rune of Zot
 45227 | Snake:1  | Entered Level 1 of the Snake Pit
 45227 | Snake:1  | Found a hide-covered altar of Uskayaw.
 45561 | Snake:1  | Got the Cyclopedia of Kindling
 46962 | Snake:1  | Noticed Asterion
 46979 | Snake:1  | Killed Asterion
 47058 | Snake:1  | Identified the +6 great sword of Nice Indomitability
                  | {drain, Int+5}
 48505 | Snake:3  | Found Poathref's Book Emporium.
 49734 | Snake:3  | Found Faett's General Store.
 50174 | Snake:3  | Found Tuemunk's Antique Armour Emporium.
 50377 | Snake:4  | Entered Level 4 of the Snake Pit
 50813 | Snake:4  | Reached XP level 18. HP: 102/178 MP: 10/17
 51685 | Snake:4  | Noticed Vashnia
 51771 | Snake:4  | Killed Vashnia
 54129 | Snake:4  | Got a serpentine rune of Zot
 54522 | Snake:3  | Bought a +1 hat of stealth for 304 gold pieces
 54840 | Elf:1    | Entered Level 1 of the Elven Halls
 54911 | Elf:1    | Noticed Frances
 54925 | Elf:1    | Killed Frances
 54943 | Elf:1    | Paralysed by an air elemental for 1 turns
 55539 | Elf:1    | Got Unegeov's Discourse on Leadership
 58371 | Elf:2    | Found Mem Awi's Antique Weapon Emporium.
 58461 | Elf:2    | Found a crumbling gateway.
 58714 | Elf:2    | Reached XP level 19. HP: 189/189 MP: 18/18
 58732 | Elf:2    | Found a runed translucent gate.
 58733 | Elf:2    | Found a runed translucent gate.
 58733 | Elf:2    | Found a runed translucent gate.
 58825 | Elf:2    | Found a runed translucent gate.
 58828 | Elf:2    | Found a runed translucent gate.
 58829 | Elf:2    | Found a runed translucent gate.
 58977 | Elf:2    | Identified the +8 dagger of Context {vorpal, rF+ MP-9 SInv}
 60339 | Vaults:1 | Entered Level 1 of the Vaults
 60900 | Abyss:3  | Cast into level 3 of the Abyss (a wizard)
 60984 | Abyss:4  | Gained mutation: You are clumsy. (Dex -2) [a neqoxec]
 60989 | Abyss:4  | Gained mutation: You are vulnerable to cold. (rC-) [a
                  | neqoxec]
 61019 | Abyss:4  | Noticed a hellephant
 61022 | Abyss:4  | Gained mutation: You sometimes lose your temper in combat.
                  | [a neqoxec]
 61029 | Abyss:4  | Lost intelligence.
 61039 | Vaults:1 | Escaped the Abyss
 63880 | Snake:3  | Lost mutation: You are clumsy. (Dex -2) [potion of
                  | mutation]
 63880 | Snake:3  | Lost mutation: You sometimes lose your temper in combat.
                  | [potion of mutation]
 63880 | Snake:3  | Gained mutation: You are agile. (Dex +4, Str/Int -1)
                  | [potion of mutation]
 63880 | Snake:3  | Lost mutation: You are vulnerable to cold. (rC-) [potion of
                  | mutation]
 63880 | Snake:3  | Gained mutation: You are somewhat resistant to further
                  | mutation. [potion of mutation]
 63881 | Snake:3  | Lost mutation: You are agile. (Dex +4, Str/Int -1) [potion
                  | of mutation]
 63881 | Snake:3  | Lost mutation: You are somewhat resistant to further
                  | mutation. [potion of mutation]
 63881 | Snake:3  | Gained mutation: You occasionally lose the ability to drink
                  | potions when taking damage. [potion of mutation]
 63881 | Snake:3  | Gained mutation: You are weak. (Str -2) [potion of
                  | mutation]
 63881 | Snake:3  | Lost mutation: You are weak. (Str -2) [potion of mutation]
 63881 | Snake:3  | Gained mutation: Your flesh is cold resistant. (rC+)
                  | [potion of mutation]
 63882 | Snake:3  | Lost mutation: Your flesh is cold resistant. (rC+) [potion
                  | of mutation]
 63882 | Snake:3  | Lost mutation: You occasionally lose the ability to drink
                  | potions when taking damage. [potion of mutation]
 63882 | Snake:3  | Gained mutation: Your spells are a little harder to cast,
                  | but a little more powerful. [potion of mutation]
 63883 | Snake:3  | Lost mutation: Your spells are a little harder to cast, but
                  | a little more powerful. [potion of mutation]
 63883 | Snake:3  | Gained mutation: You have sharp toenails. [potion of
                  | mutation]
 63884 | Snake:3  | Lost mutation: You have sharp toenails. [potion of
                  | mutation]
 63884 | Snake:3  | Gained mutation: You are strong-willed. (Will+) [potion of
                  | mutation]
 63884 | Snake:3  | Gained mutation: You expend magic power (3 MP) to
                  | strengthen your wands. [potion of mutation]
 66205 | Vaults:2 | Identified the +1 sling "Yteos" {vorpal, rPois Int+5}
 66418 | Vaults:2 | Reached XP level 20. HP: 200/200 MP: 19/19
 66826 | Vaults:2 | Found a huge runed gate.
 66827 | Vaults:2 | Found a huge runed gate.
 66827 | Vaults:2 | Found a huge runed gate.
 66827 | Vaults:2 | Found a huge runed gate.
 66828 | Vaults:2 | Found a huge runed gate.
 66828 | Vaults:2 | Found a huge runed gate.
 66828 | Vaults:2 | Found a huge runed gate.
 66828 | Vaults:2 | Found a huge runed gate.
 66829 | Vaults:2 | Found a huge runed gate.
 66829 | Vaults:2 | Found a huge runed gate.
 66829 | Vaults:2 | Found a huge runed gate.
 66829 | Vaults:2 | Found a huge runed gate.
 66829 | Vaults:2 | Found a huge runed gate.
 66830 | Vaults:2 | Found a huge runed gate.
 66831 | Vaults:2 | Found a huge runed gate.
 66832 | Vaults:2 | Found a huge runed gate.
 66833 | Vaults:2 | Found a huge runed gate.
 66901 | Vaults:2 | Found a huge runed gate.
 66901 | Vaults:2 | Found a huge runed gate.
 66901 | Vaults:2 | Found a huge runed gate.
 66901 | Vaults:2 | Found a huge runed gate.
 66901 | Vaults:2 | Found a huge runed gate.
 66901 | Vaults:2 | Found a huge runed gate.
 66902 | Vaults:2 | Found a huge runed gate.
 66903 | Vaults:2 | Found a huge runed gate.
 66904 | Vaults:2 | Found a huge runed gate.
 66912 | Vaults:2 | Found a huge runed gate.
 66912 | Vaults:2 | Found a huge runed gate.
 66912 | Vaults:2 | Found a huge runed gate.
 66912 | Vaults:2 | Found a huge runed gate.
 66912 | Vaults:2 | Found a huge runed gate.
 66912 | Vaults:2 | Found a huge runed gate.
 66913 | Vaults:2 | Found a huge runed gate.
 66914 | Vaults:2 | Found a huge runed gate.
 66924 | Vaults:2 | Found a huge runed gate.
 66932 | Vaults:2 | Found a huge runed gate.
 67805 | Vaults:3 | Reached skill level 1 in Evocations
 67809 | Vaults:3 | Reached skill level 1 in Throwing
 67838 | Vaults:3 | Identified the +2 scale mail "Caloe" {Int+3}
 67910 | Vaults:3 | Found a staircase to the Crypt.
 68656 | Crypt:1  | Entered Level 1 of the Crypt
 69932 | Crypt:1  | Noticed Margery
 69953 | Crypt:1  | Killed Margery
 71543 | Crypt:2  | Reached XP level 21. HP: 210/210 MP: 20/20
 71992 | Crypt:3  | Entered Level 3 of the Crypt
 72074 | Crypt:3  | Identified the ring "Wanodype" {Ice rElec rCorr Slay+2}
 72074 | Crypt:3  | Noticed Josephina
 72222 | Crypt:3  | Identified the +1 scale mail of Guq Joun {rElec rC+ rCorr
                  | Stlth-}
 72415 | Crypt:3  | Reached skill level 5 in Throwing
 72525 | Crypt:3  | Found a staircase to the Tomb.
 72849 | Crypt:3  | Got Qeiridgh's Grimoire of Unholy Rites
 72957 | Tomb:1   | Entered Level 1 of the Tomb of the Ancients
 72992 | Tomb:1   | Reached skill level 5 in Evocations
 73101 | Tomb:1   | Noticed Khufu
 73104 | Tomb:1   | Noticed a royal mummy
 73111 | Tomb:1   | Killed Khufu
 73620 | Tomb:1   | Killed a royal mummy
 73722 | Tomb:1   | Paralysed by a sphinx for 2 turns
 74371 | Tomb:1   | Noticed a royal mummy
 75331 | Tomb:1   | Killed a royal mummy
 77261 | Tomb:2   | Noticed a royal mummy
 77262 | Tomb:2   | Noticed a royal mummy
 77262 | Tomb:2   | Noticed a royal mummy
 77264 | Tomb:2   | Noticed a royal mummy
 77274 | Tomb:2   | Killed a royal mummy
 77305 | Tomb:2   | HP: 7/318 [royal mummy/divine providence (9)]
 77305 | Tomb:2   | Mangled by an emperor scorpion

Illustrated notes

Levels and vault maps discovered:
D:1:      heliophobic_arrival_enchanted_forest, layout_basic, serial_shops,
          nicolae_lakefront_shop, shop
D:2:      layout_loops_ring
D:3:      layout_basic, serial_corexii_hall, corexii_hall_statues_l,
          corexii_hall_statues_i, corexii_hall_statues_i,
          gup_sewer_entry_bubbles
D:4:      layout_basic, uniq_crazy_yiuf_cottage
D:5:      layout_cave_pools, kennysheep_slug_shrine, gammafunk_ghost_arena,
          grunt_decor_arrowhead, dk_vineyard_3, saegor_snake_ambush
D:6:      minmay_diamond_boxcup, layout_loops_corners, nicolae_ru_path_of_blood,
          minmay_temple_entry_statues_fountains, hangedman_decor_riveting
D:7:      layout_rooms, gammafunk_temple_overflow_arena, uniq_duvessa
D:8:      layout_rooms, lair_entry_dummy, gammafunk_ghost_grave,
          grunt_ministairs_9, uniq_psyche
D:9:      layout_cave_pools, hangedman_weighted_door, serial_bayou_lagoon_a,
          minmay_gold_behind_fungi
D:10:     layout_gridville, minmay_orc_entry_temple_small, guppyfry_shop_venom
D:11:     layout_long_grid
D:12:     layout_stronghold, hellmonk_ghost_happy_afterlife
D:13:     layout_roguey, lightli_vaults_fourway_checkpoint,
          hangedman_cracks_in_the_wall
D:14:     layout_irregular_city, ashenzari_conservatory_becter
D:15:     gammafunk_depths_entry_grave, layout_cave_pools,
          muffindrake_ghost_dual_entry, minmay_misc_feat_cross
Temple:   regret_index_temple_mists
Lair:1:   beast_lair_carwin_large_3, layout_misc_corridors,
          portal_ice_cave_entry_imps, uniq_sonja
Lair:2:   dpeg_oklob_gauntlet, layout_concentric_octagons,
          minmay_swamp_entry_worms, minmay_snake_entry_guardpost_small,
          serial_bayou_ford_a
Lair:3:   layout_long_grid, uniq_gastronok
Lair:4:   layout_regular_city, slime_entry_1
Lair:5:   gammafunk_lair_ancient_temple, layout_cave_pods,
          ebering_ghost_rock_garden
Swamp:1:  nicolae_swamp_flooded_prison, layout_basic_swamp,
          nicolae_swamp_fairy_circle
Swamp:2:  layout_basic_swamp, evilmike_swamp_ruin_house_1, swamp_pool3,
          infiniplex_staircase_pool
Swamp:3:  layout_basic_swamp, basic_altar, swamp_pool1, nzn_swamp_stair_ambush,
          uniq_roxanne, uniq_aizul, uniq_bai_suzhen
Swamp:4:  swamp_alternative, layout_basic_swamp
Snake:1:  layout_layer_cave, basic_altar, grunt_megastairs_2, uniq_asterion
Snake:2:  layout_onion_interference
Snake:3:  layout_cave_town, serial_shops, shop, nicolae_take_the_stairs,
          nicolae_stop_n_shop_2, nicolae_snake_springs
Snake:4:  grunt_snake_rune_serpentine_throne, layout_cave_town, uniq_vashnia
Orc:1:    layout_caves, uniq_fannar
Orc:2:    st_orc_town, layout_caves, serial_shops, shop,
          minmay_shop_enchanted_jewellery, mines4_lemuel, uniq_rupert
Elf:1:    eino_elf_arrival_sip, layout_loops_corners, minmay_elf_demonology,
          uniq_frances
Elf:2:    nicolae_elf_blades_crystal_corner, layout_geoelf_grid,
          portal_desolation_entry_nicolae_forbidding_blocks,
          ploomutoo_gammafunk_ghost_potion_laboratory, serial_shops,
          shop_fountains
Vaults:1: st_diamondy, vaults_room_stairs_pillars, vaults_mumra_minichess,
          nicolae_vaults_circle_grid_b, vaults_room_fancy_cross, v_misc_29,
          nicolae_vaults_little_squares_5, vaults_room_fours, vaults_mumra_hex,
          layout_vaults_omnigrid
Vaults:2: vaults_room_hallway, vaults_room_boxed, v_rooms_1, not_door_vault_mu,
          nicolae_vaults_twisting_passages, v_pattern_4, v_misc_29,
          ontoclasm_vaults_gateway, st_check, nicolae_vaults_little_squares_6,
          layout_vaults_ring
Vaults:3: minmay_crypt_entry_simple_plaza, hangedman_vaults_river_flow,
          nicolae_vaults_asterisk, nicolae_vaults_network_star,
          vaults_room_door_hall, hangedman_vaults_trim, hangedman_vaults_locks,
          vaults_room_door_hall, vaults_dpeg_ring, grunt_vaults_focal,
          layout_vaults_big_room
Crypt:1:  layout_misc_corridors, small_chamber_with_monster, st_chilly_death,
          uniq_margery
Crypt:2:  layout_chaotic_city
Crypt:3:  evilmike_haunted_forest, uniq_josephina
Tomb:1:   uniq_khufu
Tomb:2

Skill      XL: |  1  2  3  4  5  6  7  8  9 10 11 12 13 14 15 16 17 18 19 20 21 |
---------------+----------------------------------------------------------------+-----
Armour         | 4 5 6 8 9 10 12 13 15 16 17 18 20 21 22 23 | 23.4
Shields        | 4 5 6 7 9 10 12 13 15 16 17 18 20 21 22 23 | 23.4
Fighting       | 4 5 6 7 9 10 12 13 15 16 17 18 20 21 22 23 | 23.4
Axes           | 3 4 5 7 9 10 12 13 14 16 17 18 19 21 22 23 | 23.3
Evocations     | 4 6 |  6.1
Throwing       | 4 6 |  6.6

Action                   |  1- 3 |  4- 6 |  7- 9 | 10-12 | 13-15 | 16-18 | 19-21 || total
-------------------------+-------+-------+-------+-------+-------+-------+-------++-------
Melee: War axe           |    56 |   112 |   154 |       |       |       |       ||   322
       Headbutt          |     9 |    15 |    44 |    89 |   238 |   186 |   234 ||   815
       Battleaxe         |       |       |    92 |   371 |  1003 |   889 |   994 ||  3349
Throw: Javelin           |       |       |       |       |       |     1 |     9 ||    10
Invok: Potion Petition   |       |       |       |     1 |     4 |     1 |     3 ||     9
       Call Merchant     |       |       |       |       |     3 |       |       ||     3
       Bribe Branch      |       |       |       |       |       |       |     1 ||     1
Evoke: Wand              |       |       |       |       |     6 |     3 |       ||     9
       Condenser vane    |       |       |       |       |       |     1 |     1 ||     2
       Phial of floods   |       |       |       |       |       |       |     2 ||     2
       Phantom mirror    |       |       |       |       |       |       |     1 ||     1
  Use: Potion            |       |     1 |     5 |     8 |    10 |    12 |    13 ||    49
       Scroll            |       |       |     9 |    14 |     6 |    21 |    13 ||    63
 Stab: Distracted        |       |       |       |     4 |    16 |     9 |    15 ||    44
       Invisible         |       |       |       |       |     8 |     3 |       ||    11
       Petrified         |       |       |       |       |     1 |       |       ||     1
       Confused          |       |       |       |       |       |     1 |       ||     1
Armor: Scale mail        |    17 |       |       |       |       |       |       ||    17
       Chain mail        |    12 |    51 |   115 |       |       |       |       ||   178
       Plate armour      |       |       |    25 |   243 |   725 |   746 |   658 ||  2397
       Skin              |       |       |       |       |       |     2 |    39 ||    41
Dodge: Dodged            |    27 |    65 |   136 |   338 |   460 |   314 |   279 ||  1619
Block: Buckler           |    13 |    31 |    41 |       |       |       |       ||    85
       Other             |       |       |    10 |   139 |   258 |   330 |   309 ||  1046
       Reflection        |       |       |       |       |     4 |       |       ||     4

Table legend: (Time is in decaauts)
 A = Elapsed time spent in this place.
 B = Non-inter-level travel time spent in this place.
 C = Inter-level travel time spent in this place.
 D = Time resting spent in this place.
 E = Time spent auto-exploring this place.
 F = Levels seen in this place.
 G = Mean time per level.
                   A        B        C        D        E       F      G
               +--------+--------+--------+--------+--------+-----+--------+
         Total |  79141 |  74734 |   4407 |  35430 |  27762 |  44 | 1798.7 |
       Dungeon |  22862 |  21384 |   1478 |   8669 |   9635 |  15 | 1524.1 |
        Temple |   1673 |   1653 |     20 |   1373 |    185 |   1 | 1673.0 |
          Lair |   8925 |   8251 |    674 |   2970 |   4070 |   5 | 1785.0 |
         Swamp |  12300 |  12095 |    205 |   8126 |   2809 |   4 | 3075.0 |
     Snake Pit |   9826 |   8968 |    858 |   4760 |   2726 |   4 | 2456.5 |
  Orcish Mines |   2920 |   2767 |    153 |   1234 |   1083 |   2 | 1460.0 |
   Elven Halls |   5100 |   4779 |    321 |   2064 |   1796 |   2 | 2550.0 |
        Vaults |   6676 |   6247 |    429 |   2112 |   3143 |   3 | 2225.3 |
         Crypt |   4207 |   4161 |     46 |   1403 |   1849 |   3 | 1402.3 |
          Tomb |   4336 |   4117 |    219 |   2717 |    335 |   2 | 2168.0 |
         Abyss |    137 |    137 |      0 |      0 |      0 |   2 |   68.5 |
         Sewer |    172 |    172 |      0 |      0 |    128 |   1 |  172.0 |
               +--------+--------+--------+--------+--------+-----+--------+

Top non-repeatable levels by time:
 Swamp:3: 6447 daAuts
    D:13: 4498 daAuts
 Snake:4: 4377 daAuts
  Tomb:1: 4294 daAuts
Vaults:1: 3903 daAuts
     D:8: 3021 daAuts
    D:12: 2899 daAuts
 Snake:3: 2822 daAuts
   Elf:1: 2822 daAuts
 Swamp:2: 2664 daAuts
 Crypt:1: 2456 daAuts
  Lair:2: 2451 daAuts
 Swamp:1: 2282 daAuts
   Elf:2: 2278 daAuts
 Snake:1: 2179 daAuts
